 Dungeon Crawl Stone Soup version 0.25-a0-663-gace7076 (webtiles) character file.

Game seed: 7594196386253912881, levelgen mode: deterministic

16 BlueFish the Slasher (level 2, 0/22 HPs)
             Began as a Demonspawn Gladiator on Mar 24, 2020.
             Slain by a hobgoblin
             ... wielding a +0 whip
              (4 damage)
             ... on level 1 of the Dungeon.
             The game lasted 00:02:00 (446 turns).

BlueFish the Slasher (Demonspawn Gladiator)          Turns: 446, Time: 00:02:00

Health: 0/22       AC:  4    Str: 14    XL:     2   Next: 37%
Magic:  2/2        EV: 12    Int:  9    God:
Gold:   24         SH:  0    Dex: 14    Spells: 1/1 levels left

rFire    . . .     SeeInvis .   a - +0 long sword
rCold    . . .     Gourm    .   (no shield)
rNeg     . . .     Faith    .   b - +0 leather armour
rPois    .         Spirit   .   c - +0 helmet
rElec    .         Reflect  .   (no cloak)
rCorr    .         Harm     .   (no gloves)
MR       .....                  (no boots)
Stlth    +.........             (no amulet)
HPRegen  0.07/turn              (no ring)
MPRegen  0.08/turn              (no ring)

@: no status effects
A: rot immunity
a: no special abilities


You were on level 1 of the Dungeon.
You were not hungry.

You visited 1 branch of the dungeon, and saw 1 of its levels.

You collected 24 gold pieces.

Inventory:

Hand Weapons
 a - a +0 long sword (weapon)
Missiles
 d - 3 throwing nets (quivered)
Armour
 b - a +0 leather armour (worn)
 c - a +0 helmet (worn)
Jewellery
 e - a +3 ring of dexterity
Potions
 g - a potion of lignification {unknown}
Comestibles
 f - a ration


   Skills:
 * Level 2.1 Fighting
 + Level 3.1 Long Blades
 + Level 2.0 Throwing
 + Level 2.8 Dodging


You had one spell level left.
You didn't know any spells.
Your spell library was empty.

Dungeon Overview and Level Annotations

Branches:
Dungeon (1/15)

Altars:


Innate Abilities, Weirdness & Mutations

You are immune to rotting.


Message History

You see here a gluggy blue potion.
The hobgoblin throws a stone.
The stone closely misses you. The hobgoblin barely misses you.
You riposte.
You closely miss the hobgoblin. The hobgoblin hits you with a +0 whip.
* * * LOW HITPOINT WARNING * * *
You see here a gluggy blue potion.
You barely miss the hobgoblin. The hobgoblin completely misses you.
You closely miss the hobgoblin.
The hobgoblin hits you but does no damage.
The hobgoblin hits you with a +0 whip.
* * * LOW HITPOINT WARNING * * *
You barely miss the hobgoblin. The hobgoblin barely misses you.
The hobgoblin hits you but does no damage.
You closely miss the hobgoblin. The hobgoblin hits you with a +0 whip.
* * * LOW HITPOINT WARNING * * *
The hobgoblin closely misses you.
You closely miss the hobgoblin. The hobgoblin closely misses you. x2
You closely miss the hobgoblin. The hobgoblin barely misses you.
The hobgoblin hits you with a +0 whip.
You die...

#.>.... #....... #.......
####### ##
#.....####.....# #...
##....>.........# #....
#.......###.....##.....
###......?(##............
#........@g.#......#.....
#........##....(.........
...#...#####.....##...
##### #..((..## ###(.#..#
. #(..#)...!..
##########)#.#......g
##≈≈≈≈≈≈≈≈.8....b..?..
#≈≈.....≈÷≈÷#.........


You could see a hobgoblin.

Vanquished Creatures
  A dart slug (D:1)
  A ball python (D:1)
  3 goblins (D:1)
  A hobgoblin (D:1)
  A bat (D:1)
  4 kobolds (D:1)
  3 rats (D:1)
14 creatures vanquished.

Notes
Turn   | Place    | Note
-------+----------+-------------------------------------------
     0 | D:1      | BlueFish the Demonspawn Gladiator began the quest for the
                  | Orb.
     0 | D:1      | Reached XP level 1. HP: 16/16 MP: 1/1
    66 | D:1      | Reached skill level 3 in Long Blades
    74 | D:1      | Gained mutation: You are immune to rotting. [demonic
                  | ancestry]
    74 | D:1      | Reached XP level 2. HP: 5/22 MP: 2/2
   446 | D:1      | Slain by a hobgoblin

Levels and vault maps discovered:
D:1:      psy_arrival_whirlpool, layout_rooms, minmay_tripent

Skill      XL: |  1  2 |
---------------+-------+-----
Long Blades    | 3 |  3.1
Throwing       | 2 |  2.0
Fighting       | |  2.1
Dodging        | |  2.8

Action                   || total
-------------------------++-------
Melee: Long sword        ||    49
Armor: Leather armour    ||    14
Dodge: Dodged            ||    44
       Rpst.: Long sword ||    11

Table legend:
 A = Non-vault XP
 B = Vault XP
 C = Vault XP percentage of total XP
 D = Non-vault monster count
 E = Vault monster count
 F = Vault count percentage of total count
                 A         B        C        D         E       F
            +---------+---------+-------+---------+---------+-------
      Total |      22 |       1 |   4.3 |      13 |       1 |   7.1
            +---------+---------+-------+---------+---------+-------
        D:1 |      22 |       1 |   4.3 |      13 |       1 |   7.1
            +---------+---------+-------+---------+---------+-------
